General information
- name: BNet
- type: Ladder team game (AT/RT)
- host: Battle.net
- saver: booms
map: GolemsInTheMist
- players: 8
- length: 38:32
- speed: Fast
- version: 1.26 W3XP
- replay type: Public
» download(222 KB)
Players
team 1 (winner)
Surmirmi (
orange | 88 APM | 2396 actions | 27:14)
4 Blademaster
2 Wind Walk
2 Critical Strike
4 Tauren Chieftain
2 War Stomp
2 Endurance Aura
3 Death Knight
1 Unholy Aura
1 Death Pact
1 Death Coil
1 Crypt Lord
1 Spiked Carapace
» actions
| Assign group hotkey | 291 | |
| Basic commands | 267 | |
| Build / train | 107 | |
| ESC pressed | 4 | |
| Enter build submenu | 13 | |
| Enter hero's abilities submenu | 12 | |
| Give item / drop item | 1 | |
| Right click | 646 | |
| Select / deselect | 292 | |
| Select group hotkey | 565 | |
| Use ability | 198 | |
2396 total
» units
| Peon | 12 | |
| Wind Rider | 12 | |
| Troll Batrider | 30 | |
54 total
» upgrades
| Ranged Weapons | 3 | |
| Envenomed Spears | 1 | |
| Armor | 3 | |
| Liquid Fire | 1 | |
8 total
» buildings
| Altar of Storms | 1 | |
| Orc Burrow | 6 | |
| Voodoo Lounge | 1 | |
| Stronghold | 2 | |
| War Mill | 1 | |
| Fortress | 2 | |
| Beastiary | 3 | |
| Black Citadel | 4 | |
| Great Hall | 1 | |
21 total
» build order
00:13 Altar of Storms
00:24 Orc Burrow
01:09 Voodoo Lounge
02:18 Stronghold
02:19 Stronghold
02:34 War Mill
03:03 Orc Burrow
04:53 Fortress
04:53 Fortress
05:33 Beastiary
05:34 Beastiary
07:36 Orc Burrow
07:41 Orc Burrow
10:59 Orc Burrow
12:11 Black Citadel
12:11 Black Citadel
12:11 Black Citadel
14:18 Great Hall
15:08 Orc Burrow
18:09 Beastiary
» items
| Healing Salve | 4 | |
| Lesser Clarity Potion | 2 | |
| Scroll of Speed | 1 | |
| Tiny Great Hall | 1 | |
| Orb of Lightning | 1 | |
9 total

»
Princehector921 (
yellow | 39 APM | 455 actions | 11:37)
2 Death Knight
1 Death Coil
1 Unholy Aura
1 Crypt Lord
1 Carrion Beetles
» actions
| Basic commands | 9 | |
| Build / train | 24 | |
| Enter build submenu | 20 | |
| Enter hero's abilities submenu | 3 | |
| Right click | 153 | |
| Select / deselect | 227 | |
| Use ability | 19 | |
455 total
» units
| Acolyte | 3 | |
| Ghoul | 4 | |
| Crypt Fiend | 6 | |
| Goblin Shredder | 1 | |
14 total
» upgrades
| Web | 1 | |
| Burrow | 1 | |
| Necromancer Training | 1 | |
3 total
» buildings
| Crypt | 2 | |
| Ziggurat | 6 | |
| Altar of Darkness | 1 | |
| Graveyard | 1 | |
| Tomb of Relics | 1 | |
| Halls of the Dead | 1 | |
| Spirit Tower | 1 | |
| Sacrificial Pit | 1 | |
| Temple of the Damned | 2 | |
16 total
» build order
00:14 Crypt
00:24 Ziggurat
00:42 Altar of Darkness
01:13 Graveyard
01:48 Ziggurat
02:28 Ziggurat
02:39 Tomb of Relics
03:10 Crypt
04:03 Halls of the Dead
05:13 Ziggurat
05:52 Spirit Tower
07:52 Ziggurat
08:01 Sacrificial Pit
08:50 Ziggurat
09:14 Temple of the Damned
09:16 Temple of the Damned

»
opiupp (
blue | 99 APM | 2031 actions | 20:26)
3 Death Knight
2 Death Coil
1 Unholy Aura
3 Lich
2 Frost Nova
1 Frost Armor
2 Dreadlord
1 Vampiric Aura
1 Sleep
» actions
| Assign group hotkey | 23 | |
| Basic commands | 218 | |
| Build / train | 103 | |
| ESC pressed | 1 | |
| Enter build submenu | 26 | |
| Enter hero's abilities submenu | 8 | |
| Give item / drop item | 5 | |
| Remove unit from queue | 1 | |
| Right click | 658 | |
| Select / deselect | 550 | |
| Select group hotkey | 374 | |
| Use ability | 64 | |
2031 total
» units
| Acolyte | 12 | |
| Ghoul | 6 | |
| Crypt Fiend | 7 | |
| Obsidian Statue | 2 | |
| Goblin Zeppelin | 4 | |
| Goblin Shredder | 1 | |
| Abomination | 12 | |
44 total
» upgrades
| Disease Cloud | 1 | |
| Web | 1 | |
| Creature Attack | 2 | |
| Unholy Strength | 1 | |
| Creature Carapace | 1 | |
| Destroyer Form | 1 | |
7 total
» buildings
| Crypt | 2 | |
| Ziggurat | 10 | |
| Altar of Darkness | 1 | |
| Tomb of Relics | 2 | |
| Graveyard | 2 | |
| Halls of the Dead | 1 | |
| Nerubian Tower | 1 | |
| Black Citadel | 1 | |
| Slaughterhouse | 3 | |
| Necropolis | 2 | |
| Spirit Tower | 12 | |
37 total
» build order
00:11 Crypt
00:13 Ziggurat
00:57 Crypt
01:02 Altar of Darkness
01:06 Tomb of Relics
01:55 Ziggurat
02:08 Graveyard
02:56 Halls of the Dead
04:07 Nerubian Tower
04:34 Ziggurat
05:27 Black Citadel
05:57 Slaughterhouse
07:02 Ziggurat
08:25 Necropolis
12:09 Ziggurat
12:29 Necropolis
13:06 Ziggurat
13:08 Ziggurat
13:10 Ziggurat
13:12 Tomb of Relics
14:00 Spirit Tower
14:00 Spirit Tower
14:01 Spirit Tower
14:01 Spirit Tower
14:02 Spirit Tower
14:03 Spirit Tower
14:52 Ziggurat
14:54 Ziggurat
16:25 Spirit Tower
16:25 Spirit Tower
17:37 Graveyard
19:28 Slaughterhouse
19:30 Slaughterhouse
» items
| Rod of Necromancy | 1 | |
| Sacrificial Skull | 1 | |
| Orb of Corruption | 1 | |
| Scroll of Healing | 2 | |
| Scroll of Town Portal | 3 | |
| Potion of Healing | 1 | |
9 total
BLIGHT_OVERLORD (
teal | 41 APM | 1592 actions | 38:31)
1 Crypt Lord
1 Spiked Carapace
1 Blademaster
1 Critical Strike
» actions
| Assign group hotkey | 30 | |
| Basic commands | 23 | |
| Build / train | 72 | |
| ESC pressed | 26 | |
| Enter build submenu | 102 | |
| Enter hero's abilities submenu | 2 | |
| Remove unit from queue | 2 | |
| Right click | 692 | |
| Select / deselect | 208 | |
| Select group hotkey | 282 | |
| Use ability | 153 | |
1592 total
» units
| Acolyte | 22 | |
| Ghoul | 8 | |
| Gargoyle | 18 | |
48 total
» upgrades
| Creature Attack | 1 | |
| Creature Carapace | 1 | |
2 total
» buildings
| Ziggurat | 29 | |
| Necropolis | 59 | |
| Nerubian Tower | 3 | |
| Halls of the Dead | 2 | |
| Graveyard | 3 | |
| Spirit Tower | 12 | |
| Crypt | 6 | |
| Altar of Darkness | 1 | |
115 total
» build order
00:12 Ziggurat
01:06 Necropolis
01:15 Necropolis
01:33 Necropolis
01:47 Necropolis
01:50 Necropolis
02:16 Necropolis
02:42 Necropolis
03:04 Necropolis
03:47 Necropolis
03:58 Necropolis
04:22 Necropolis
04:36 Necropolis
04:38 Nerubian Tower
04:49 Halls of the Dead
05:15 Necropolis
05:47 Necropolis
06:08 Necropolis
06:29 Necropolis
06:56 Necropolis
07:33 Necropolis
07:45 Necropolis
08:12 Necropolis
08:50 Necropolis
09:03 Necropolis
09:43 Ziggurat
11:56 Necropolis
11:59 Ziggurat
12:00 Ziggurat
12:00 Ziggurat
12:00 Ziggurat
12:07 Necropolis
12:34 Necropolis
12:45 Necropolis
12:58 Necropolis
13:07 Necropolis
13:15 Necropolis
13:30 Nerubian Tower
14:11 Ziggurat
14:15 Graveyard
14:22 Necropolis
14:50 Ziggurat
15:39 Spirit Tower
16:03 Crypt
16:52 Necropolis
17:01 Necropolis
17:03 Necropolis
17:05 Necropolis
17:24 Ziggurat
18:26 Spirit Tower
18:29 Necropolis
19:06 Ziggurat
19:06 Ziggurat
20:14 Necropolis
20:58 Necropolis
21:01 Necropolis
21:53 Necropolis
22:02 Ziggurat
22:03 Ziggurat
22:18 Necropolis
22:33 Necropolis
22:38 Necropolis
22:44 Necropolis
22:57 Necropolis
23:13 Necropolis
23:18 Necropolis
23:33 Necropolis
23:37 Necropolis
23:40 Necropolis
24:10 Ziggurat
24:12 Ziggurat
24:13 Ziggurat
24:14 Ziggurat
24:30 Spirit Tower
25:05 Spirit Tower
25:06 Spirit Tower
25:07 Spirit Tower
25:10 Ziggurat
25:10 Ziggurat
25:11 Ziggurat
25:11 Ziggurat
25:17 Ziggurat
25:17 Ziggurat
25:18 Ziggurat
26:09 Spirit Tower
26:10 Nerubian Tower
26:11 Spirit Tower
26:12 Spirit Tower
27:05 Ziggurat
27:05 Ziggurat
27:54 Necropolis
27:57 Necropolis
27:58 Necropolis
28:02 Necropolis
28:03 Necropolis
28:04 Necropolis
28:05 Necropolis
28:06 Necropolis
28:12 Spirit Tower
28:17 Spirit Tower
28:55 Crypt
28:56 Crypt
28:57 Crypt
28:58 Crypt
29:02 Graveyard
29:09 Halls of the Dead
29:49 Altar of Darkness
30:59 Necropolis
32:55 Crypt
33:52 Necropolis
33:54 Ziggurat
33:54 Ziggurat
33:55 Ziggurat
34:04 Graveyard
37:42 Spirit Tower
team 2 (loser)
Magician- (
green | 84 APM | 3229 actions | 38:31)
8 Blood Mage
3 Flame Strike
3 Banish
1 Summon Phoenix
1 Siphon Mana
» actions
| Basic commands | 158 | |
| Build / train | 113 | |
| Enter build submenu | 62 | |
| Enter hero's abilities submenu | 8 | |
| Remove unit from queue | 14 | |
| Right click | 1731 | |
| Select / deselect | 990 | |
| Use ability | 153 | |
3229 total
» units
| Peasant | 33 | |
| Goblin Shredder | 1 | |
| Gryphon Rider | 12 | |
46 total
» upgrades
| Masonry | 3 | |
| Swords | 3 | |
| Storm Hammers | 1 | |
| Armor | 3 | |
| Animal War Training | 1 | |
| Cloud | 1 | |
| Backpack | 0 | |
12 total
» buildings
| Altar of Kings | 1 | |
| Farm | 14 | |
| Lumber Mill | 2 | |
| Scout Tower | 19 | |
| Keep | 4 | |
| Arcane Tower | 2 | |
| Guard Tower | 14 | |
| Arcane Vault | 2 | |
| Town Hall | 8 | |
| Blacksmith | 1 | |
| Castle | 2 | |
| Gryphon Aviary | 4 | |
| Barracks | 3 | |
76 total
» build order
00:08 Altar of Kings
00:47 Farm
01:25 Lumber Mill
02:05 Scout Tower
02:40 Keep
02:40 Keep
02:41 Keep
02:57 Arcane Tower
03:00 Scout Tower
03:33 Guard Tower
03:55 Farm
04:18 Scout Tower
04:23 Scout Tower
04:25 Scout Tower
04:51 Guard Tower
04:51 Guard Tower
04:53 Guard Tower
04:53 Guard Tower
05:30 Farm
05:34 Scout Tower
05:44 Scout Tower
05:47 Scout Tower
05:49 Scout Tower
06:03 Arcane Vault
06:05 Guard Tower
06:07 Scout Tower
06:15 Guard Tower
06:16 Guard Tower
06:17 Guard Tower
06:20 Scout Tower
06:24 Scout Tower
06:49 Lumber Mill
06:54 Guard Tower
07:24 Town Hall
07:53 Farm
08:27 Blacksmith
09:26 Town Hall
09:31 Castle
09:31 Castle
10:10 Gryphon Aviary
10:26 Gryphon Aviary
11:24 Gryphon Aviary
11:28 Farm
11:48 Farm
11:50 Farm
12:59 Farm
13:10 Gryphon Aviary
13:37 Barracks
13:44 Barracks
13:48 Barracks
13:56 Farm
14:09 Farm
14:13 Farm
14:16 Farm
14:31 Farm
18:40 Scout Tower
19:20 Town Hall
19:34 Scout Tower
19:36 Scout Tower
19:37 Scout Tower
22:27 Scout Tower
22:30 Arcane Vault
22:53 Town Hall
23:03 Town Hall
23:11 Scout Tower
23:14 Farm
25:18 Scout Tower
30:48 Town Hall
31:35 Town Hall
37:37 Town Hall
» items
| Potion of Healing | 1 | |
| Scroll of Regeneration | 4 | |
5 total
miniraeace (
pink | 27 APM | 1042 actions | 38:31)
9 Dreadlord
3 Sleep
3 Vampiric Aura
1 Inferno
2 Carrion Swarm
» actions
| Basic commands | 2 | |
| Build / train | 88 | |
| Enter build submenu | 25 | |
| Enter hero's abilities submenu | 9 | |
| Right click | 485 | |
| Select / deselect | 366 | |
| Use ability | 65 | |
1042 total
» units
| Acolyte | 5 | |
| Ghoul | 12 | |
| Gargoyle | 36 | |
| Frost Wyrm | 3 | |
56 total
» upgrades
| Creature Carapace | 3 | |
| Creature Attack | 3 | |
| Stone Form | 1 | |
| Freezing Breath | 1 | |
8 total
» buildings
| Ziggurat | 9 | |
| Crypt | 2 | |
| Altar of Darkness | 1 | |
| Tomb of Relics | 1 | |
| Halls of the Dead | 1 | |
| Graveyard | 1 | |
| Nerubian Tower | 2 | |
| Black Citadel | 1 | |
| Spirit Tower | 3 | |
| Sacrificial Pit | 1 | |
| Boneyard | 1 | |
23 total
» build order
00:56 Ziggurat
00:58 Crypt
01:02 Altar of Darkness
01:19 Tomb of Relics
01:29 Ziggurat
02:12 Crypt
02:56 Ziggurat
04:41 Halls of the Dead
04:50 Graveyard
05:30 Nerubian Tower
06:34 Ziggurat
07:13 Black Citadel
11:06 Spirit Tower
11:27 Spirit Tower
11:30 Nerubian Tower
13:11 Sacrificial Pit
14:14 Boneyard
19:07 Ziggurat
19:14 Ziggurat
19:16 Ziggurat
19:18 Ziggurat
19:45 Ziggurat
22:48 Spirit Tower
» items
| Rod of Necromancy | 1 | |
| Dust of Appearance | 1 | |
| Scroll of Town Portal | 2 | |
| Potion of Healing | 1 | |
| Orb of Corruption | 1 | |
6 total
booms (
red | 22 APM | 857 actions | 38:32)
4 Death Knight
2 Death Coil
2 Unholy Aura
» actions
| Basic commands | 2 | |
| Build / train | 34 | |
| Enter build submenu | 57 | |
| Enter hero's abilities submenu | 4 | |
| Remove unit from queue | 6 | |
| Right click | 372 | |
| Select / deselect | 324 | |
| Use ability | 57 | |
857 total
» units
| Acolyte | 10 | |
| Goblin Sapper | 7 | |
| Ghoul | 3 | |
20 total
» buildings
| Ziggurat | 1 | |
| Altar of Darkness | 1 | |
| Necropolis | 37 | |
| Halls of the Dead | 4 | |
| Black Citadel | 0 | |
| Sacrificial Pit | 1 | |
| Crypt | 1 | |
45 total
» build order
00:11 Ziggurat
00:36 Altar of Darkness
01:22 Necropolis
02:01 Necropolis
02:16 Necropolis
02:38 Necropolis
03:10 Necropolis
03:39 Necropolis
03:51 Necropolis
04:09 Necropolis
04:42 Halls of the Dead
05:30 Necropolis
05:48 Necropolis
06:27 Necropolis
06:40 Necropolis
07:16 Necropolis
07:51 Necropolis
07:57 Necropolis
08:21 Necropolis
08:31 Necropolis
08:41 Halls of the Dead
09:12 Necropolis
09:17 Necropolis
09:39 Necropolis
09:57 Necropolis
10:22 Black Citadel
11:05 Necropolis
12:28 Necropolis
12:39 Necropolis
12:54 Necropolis
13:57 Necropolis
14:10 Halls of the Dead
14:45 Necropolis
15:03 Necropolis
15:34 Halls of the Dead
16:20 Necropolis
18:23 Sacrificial Pit
19:09 Necropolis
20:38 Black Citadel
20:45 Necropolis
22:11 Necropolis
25:02 Necropolis
26:05 Necropolis
26:35 Crypt
29:05 Halls of the Dead
29:22 Necropolis
30:44 Necropolis
38:25 Necropolis

»
AKB0048 (
purple | 10 APM | 390 actions | 38:31)
» actions
| Assign group hotkey | 2 | |
| ESC pressed | 1 | |
| Enter build submenu | 2 | |
| Remove unit from queue | 1 | |
| Right click | 170 | |
| Select / deselect | 205 | |
| Use ability | 7 | |
390 total
» buildings
| Tree of Life | 1 | |
| Ancient of War | 1 | |
2 total
» build order
14:02 Tree of Life
18:59 Ancient of War
Chat log
(00:18 / Allies) Magician-: tower rushing
(00:35 / All) miniraeace: my favorite pie is lemon , what is yours
(00:44 / All) BLIGHT_OVERLORD: STOP
(00:45 / All) BLIGHT_OVERLORD: KOTICK
(00:47 / All) BLIGHT_OVERLORD: 2012
(00:56 / All) BLIGHT_OVERLORD: ROBERT KOTICK IS A PLAGUE ON THE WC3 SOCIETY
(01:06 / All) miniraeace: K
(01:10 / All) miniraeace: but what pie you like
(01:17 / All) BLIGHT_OVERLORD: UR MOM LAWL
(01:37 / All) Magician-: dude u just guna let him go?
(01:44 / All) Magician-: tk that cunt
(01:54 / All) miniraeace: aaaaaaa whhat
(01:58 / All) miniraeace: pie time baby
(02:02 / All) miniraeace: give me the poie
(02:15 / All) Magician-: lol
(02:28 / Allies) Magician-: i c whats going on
(02:37 / All) BLIGHT_OVERLORD: MY TEAM DOESNT SPEAK ENGLISH WTFFFFFFFFFFFF
(02:43 / All) miniraeace: holy macaroinies
(02:55 / All) booms: kai te kenua pai?
(02:58 / All) BLIGHT_OVERLORD: LOL NICE FLAMESTRIKE
(03:18 / Allies) AKB0048: we lose
(03:23 / Allies) AKB0048: i will do nothing
(03:24 / Allies) Magician-: not rly
(03:44 / Allies) Magician-: dont worry i didnt think u woul
(03:45 / All) BLIGHT_OVERLORD: HEY GREEN THAT TOWER RUSH WAS REALLY SHIT LOLOL
(03:47 / Allies) Magician-: would do anything
(03:49 / All) BLIGHT_OVERLORD: ELL TWO PLAY
(03:59 / All) Magician-: lol i didnt even tower rush
(04:08 / All) Magician-: cause i found a spy
(04:10 / All) BLIGHT_OVERLORD: YOU WERE PLANNING TO
(04:55 / Allies) AKB0048: we lose
(05:01 / Allies) Magician-: cool
(05:18 / Allies) Magician-: if we do then so be it
(05:21 / Allies) Magician-: ?
(06:07 / Allies) AKB0048: u don need tower really
(06:30 / Allies) Magician-: i thought u do nothing
(06:33 / Allies) Magician-: let me protect u at least
(06:37 / Allies) Magician-: im not tking
(06:43 / All) BLIGHT_OVERLORD: HEY TEAM DO YOU SPEAK ANY ENGLISH????????????????????
(06:47 / Allies) booms: lol
(06:53 / All) BLIGHT_OVERLORD: WTF IS THIS NIGHT TIME ON THE LODAERON SERVER
(06:54 / All) BLIGHT_OVERLORD: OH WAIT
(07:00 / Allies) AKB0048: we lose actually
(07:19 / Allies) AKB0048: red u need more base
(07:34 / Allies) booms: yeah im a bit concerned I might get revealed
(07:35 / Allies) Magician-: hmm
(07:43 / Allies) Magician-: one of the weirdest game i played
(08:02 / Allies) booms: the world shall be covered in blight
(08:04 / Allies) Magician-: i even played 1v1 in 4v4 b4
(08:37 / All) BLIGHT_OVERLORD: lol orange loses 3 wyverns and 2 heroes to the golem creeps
(08:38 / Allies) Magician-: can u build some in enemy base
(08:40 / Allies) Magician-: so i cna spy
(08:48 / Allies) booms: sure
(08:52 / Allies) Magician-: thx
(08:58 / Allies) Magician-: preferably next to expos
(09:16 / Allies) Magician-: thx pink
(09:56 / All) BLIGHT_OVERLORD: LOL BLUE NO WEB? NICE ONE
(10:26 / All) BLIGHT_OVERLORD: boy that was painful to watch
(10:49 / All) BLIGHT_OVERLORD: lol yellow just stole the expo orange was taking
(11:09 / All) BLIGHT_OVERLORD: get the fuck over it yellow
(11:13 / All) BLIGHT_OVERLORD: harden the fuck up
(12:11 / Allies) AKB0048: anyone need gold or wood?
(12:20 / Allies) Magician-: how much u have
(12:30 / Allies) AKB0048: 2000g 1000w
(12:39 / Allies) Magician-: sure, if ur willing to give any
(13:01 / Allies) Magician-: ta
(13:10 / Allies) AKB0048: we lose anyway
(13:13 / Allies) Magician-: i know
(13:14 / Allies) booms: haha
(13:30 / Allies) booms: and I wouldn't be so sure of that
(13:41 / All) booms: stop killing my expos!
(13:48 / All) BLIGHT_OVERLORD: dont look at me :P
(14:43 / Allies) AKB0048: teal is much better than red actually
(14:51 / Allies) AKB0048: teal mass towers
(15:09 / Allies) booms: yeah I shoulda upgraded mine
(15:31 / Allies) AKB0048: its too late
(15:38 / Allies) AKB0048: teal is better
(15:44 / Allies) AKB0048: thats why we lose
(18:29 / Allies) Magician-: leave teal's buildings alone
(18:56 / Allies) Magician-: pink
(18:57 / Allies) Magician-: get more
(19:00 / Allies) Magician-: way more
(19:01 / Allies) Magician-: 100 food
(19:44 / Allies) Magician-: they spying
(20:04 / All) BLIGHT_OVERLORD: love how my teams answer to your mass air is to make wyverns and abominations
(20:44 / Allies) AKB0048: blue is gone
(21:25 / All) BLIGHT_OVERLORD: OMG GUYS WTF ORANGE HAS 6500 GOLD WTF HES A FUCKING NOOB!!!!!!!!!!!!!!!!!!!
(21:30 / Allies) AKB0048: wow they mass aa
(21:34 / All) BLIGHT_OVERLORD: spoiler: I just gave him 8000 gold
(21:34 / Allies) Magician-: good
(21:38 / All) booms: haha
(21:40 / Allies) Magician-: thats why i gryphed
(22:04 / Allies) Magician-: dont tp
(22:08 / Allies) Magician-: tp where there is shop
(23:07 / Allies) Magician-: they have shade there
(23:28 / Allies) Magician-: wait
(23:36 / Allies) booms: their army is small
(23:41 / Allies) Magician-: go now
(24:17 / Allies) Magician-: gg
(24:24 / Allies) Magician-: get oj
(24:25 / Allies) Magician-: and its ovr
(24:36 / Allies) Magician-: diregard
(24:37 / Allies) Magician-: disregard
(24:59 / Allies) Magician-: teal's giving him gold
(25:01 / Allies) Magician-: so take out oj
(25:11 / Allies) Magician-: b4 its too late
(27:18 / Allies) Magician-: kill all his poen
(27:21 / All) BLIGHT_OVERLORD: aw hes no fun
(27:23 / Allies) Magician-: dpnt let hi rebuild
(27:32 / All) BLIGHT_OVERLORD: shall we leave now or watch and laugh as they chase down all my halls
(27:42 / All) booms: im tempted to watch and laugh
(27:51 / All) BLIGHT_OVERLORD: watch and laugh it is
(28:06 / Allies) Magician-: im going to heal
(28:34 / All) booms: you should now build an army and win
(28:51 / All) BLIGHT_OVERLORD: eh only thing that would win here is mass gargs and I really cbf teching to them
(29:29 / Allies) Magician-: only get the expo ones
(29:40 / All) BLIGHT_OVERLORD: heh i like how terrain loses all its original texture when it is blighted then dispelled
(29:53 / All) booms: where is this so I can see it
(30:09 / All) BLIGHT_OVERLORD: top middle mine
(30:15 / All) booms: ah yeah
(30:27 / All) booms: lol yellow still has units?
(30:46 / All) BLIGHT_OVERLORD: yeah orange was bitching at me to control him but i cbf'ed
(32:48 / Allies) Magician-: expo there
(32:53 / Allies) miniraeace: k
(33:04 / Allies) Magician-: need to cover all 4
(33:35 / Allies) Magician-: b
(33:50 / Allies) Magician-: come back
(33:56 / Allies) Magician-: they still lose
(34:00 / Allies) Magician-: but i dont want to waste units
(34:05 / Allies) Magician-: plus i dont know what yellow's doing
(34:25 / Allies) Magician-: kepe getting gargs
(35:22 / Allies) AKB0048: lol mass air
(36:15 / Allies) AKB0048: they got so much aa
(36:15 / Allies) Magician-: got enough
(36:20 / Allies) Magician-: lets go
(36:22 / Allies) Magician-: plus my banish
(36:25 / Allies) Magician-: its ok
(37:07 / Allies) Magician-: wait
(37:08 / Allies) Magician-: heal
(37:22 / Allies) Magician-: next
(37:26 / Allies) Magician-: lumberpls
(37:38 / Allies) Magician-: ta
(38:28 / All) BLIGHT_OVERLORD: welllllll Im bored. Done now?
(38:31 / All) booms: ok you can go